 Dungeon Crawl Stone Soup version 0.23.2-33-g5129a83184 (webtiles) character file.

Game seed: 6509157313907686658

15 funkygono the Ducker (level 2, 0/13 HPs)
             Began as a Spriggan Conjurer on July 21, 2019.
             Slain by a bat (1 damage)
             ... on level 2 of the Dungeon.
             The game lasted 00:01:50 (527 turns).

funkygono the Ducker (Spriggan Conjurer)             Turns: 527, Time: 00:01:51

Health: 0/13       AC:  2    Str:  4    XL:     2   Next: 34%
Magic:  6/6        EV: 19    Int: 16    God:
Gold:   26         SH:  0    Dex: 16    Spells: 5/6 levels left

rFire    . . .     SeeInvis +   (weapon restricted)
rCold    . . .     Gourm    .   (shield restricted)
rNeg     . . .     Faith    .   a - +0 robe
rPois    .         Spirit   .   (helmet restricted)
rElec    .         Reflect  .   (no cloak)
rCorr    .         Harm     .   (gloves unavailable)
MR       .....                  (boots unavailable)
Stlth    ++........             (no amulet)
HPRegen  0.04/turn              (no ring)
MPRegen  0.10/turn              (no ring)

@: very quick
A: very small, unfitting armour, see invisible, herbivore, speed 3, slow
metabolism 2
a: no special abilities


You were on level 2 of the Dungeon.
You were not hungry.

You visited 1 branch of the dungeon, and saw 2 of its levels.

You collected 26 gold pieces.

Inventory:

Missiles
 d - 28 arrows
 j - 26 stones (quivered)
Armour
 a - a +0 robe (worn)
Scrolls
 b - a scroll of teleportation {unknown}
 f - a scroll of enchant armour {unknown}
 h - a scroll of remove curse {unknown}
 i - 2 scrolls of identify {unknown}
Potions
 e - 2 potions of agility {unknown}
 g - a potion of curing {unknown}
 k - a potion of heal wounds {unknown}
 l - a potion of invisibility {unknown}
Comestibles
 c - 2 rations


   Skills:
 + Level 3.6 Dodging
 + Level 3.2 Stealth
 + Level 2.7 Spellcasting
 + Level 3.2 Conjurations


You had 5 spell levels left.
You knew the following spells:

 Your Spells              Type           Power        Failure   Level  Hunger
a - Magic Dart            Conj           ##..         5%          1    #......

Your spell library contained the following spells:

 Spells                   Type           Power        Failure   Level  Hunger
 Searing Ray              Conj           ##....       8%          2    ##.....
 Dazzling Spray           Conj/Hex       #.....       30%         3    ###....
 Iskenderun's Mystic Bla  Conj           ##......     45%         4    #####..
 Force Lance              Conj/Tloc      #.......     69%         4    #####..
 Fulminant Prism          Conj/Hex       #.........   69%         4    #####..


Dungeon Overview and Level Annotations

Branches:
Dungeon (2/15)

Altars:
Qazlal


Innate Abilities, Weirdness & Mutations

You are very small and have problems with some larger weapons.
You are too small for most types of armour.
You have supernaturally acute eyesight. (SInv)
You are a herbivore.
You cover ground extremely quickly.
You need to consume almost no food.


Message History

The bat barely misses you.
Found a stormy altar of Qazlal.
A goblin comes into view. It is wielding a +0 club.
The bat barely misses you.
The goblin shouts!
The bat barely misses you. The bat closely misses you.
A bat comes into view.
The bat hits you but does no damage. The bat misses you.
The bat hits you but does no damage. The bat misses you. The bat misses you.
The bat hits you.
* * * LOW HITPOINT WARNING * * *
The bat completely misses you. The bat barely misses you.
The bat completely misses you. The bat hits you but does no damage.
A goblin opens the door.
The bat misses you. The bat closely misses you. The bat hits you.
* * * LOW HITPOINT WARNING * * *
The bat hits you but does no damage. The bat hits you.
You die...

###.........
#.........s.
#.......r...
#####....l......
................
##.###+###.##.####
#..# #.# #.##.....
#..###.###l.......
#@.g.._..+........
#bb#######.s......
#b.# ### #....####
#..#######.##.#
#..r.......# .#
#.......s..# .#
############


You could see a quokka, a goblin and 3 bats.

Vanquished Creatures
  A dart slug (D:1)
  A leopard gecko (D:1)
  A giant cockroach (D:1)
  A goblin (D:1)
  2 hobgoblins (D:1)
  2 bats (D:1)
  A frilled lizard (D:1)
  4 rats (D:1)
13 creatures vanquished.

Notes
Turn   | Place    | Note
-------+----------+-------------------------------------------
     0 | D:1      | funkygono the Spriggan Conjurer began the quest for the
                  | Orb.
     0 | D:1      | Reached XP level 1. HP: 9/9 MP: 5/5
   208 | D:1      | Reached XP level 2. HP: 12/13 MP: 1/6
   517 | D:2      | Found a stormy altar of Qazlal.
   527 | D:2      | Slain by a bat

Skill      XL: |  1 |
---------------+----+-----
Conjurations   | 3 |  3.2
Dodging        | |  3.6
Stealth        | |  3.2
Spellcasting   | |  2.7

Action                   || total
-------------------------++-------
Melee: Unarmed           ||    38
 Cast: Magic Dart        ||    21
Armor: Robe              ||    24
Dodge: Dodged            ||   141
